 Dungeon Sprint DCSS version 0.17-a0-1927-g319369b (webtiles) character file.

14228 Kusio the Shatterer (level 12, -11/148 HPs)
             Began as an Ogre Berserker on Sept 28, 2015.
             Was a High Priest of Trog.
             Killed from afar by an ice dragon (34 damage)
             ... with a blast of cold
             ... in the Dungeon (Sprint IX: "|||||||||||||||||||||||||||||").
             The game lasted 00:14:33 (3551 turns).

Kusio the Shatterer (Ogre Berserker)                Turns: 3551, Time: 00:14:34

Health: -11/148    AC: 12    Str: 26    XL:     12   Next: 14%
Magic:  4/4        EV: 15    Int:  9    God:    Trog [*****.]
Gold:   1854       SH:  0    Dex: 12    Spells: 0 memorised, 11 levels left

rFire  . . .     SeeInvis .     f - +6 giant spiked club (antimagic)
rCold  . . .     Clarity  .     J - +0 swamp dragon armour
rNeg   . . .     SustAt   .     (no shield)
rPois  +         Gourm    .     (helmet restricted)
rElec  .         Spirit   .     y - +0 cloak
rCorr  .         Warding  .     (gloves unavailable)
rMut   .         NoTele   +     (boots unavailable)
MR     +....                    (no amulet)
Stlth  +.........               o - +3 ring of intelligence
                                a - +2 ring of protection

@: exhausted, slowed, very slow, somewhat resistant to hostile enchantments,
very unstealthy
A: unfitting armour, tough skin 1
a: Burn Spellbooks, Berserk, Trog's Hand, Brothers in Arms, Renounce Religion


You were in the Dungeon.
You worshipped Trog.
Trog was extremely pleased with you.
You were hungry.

You visited 1 branch You collected 1910 gold pieces.
You spent 56 gold pieces at shops.

Inventory:

Hand weapons
 f - a +6 antimagic giant spiked club (weapon)
 j - the +7 giant club of Orydov {holy, Dex+2}
   (Trog gifted it to you in the Dungeon)

   It has been blessed by the Shining One to cause great damage to the undead
   and demons.
   It affects your dexterity (+2).
 A - a +4 great mace of protection
 C - a +0 blowgun
Missiles
 q - 4 exploding tomahawks
 u - 4 javelins of penetration (quivered)
 B - 14 curare-tipped needles
 D - 7 silver javelins
 E - 7 steel tomahawks
 F - 5 tomahawks of returning
Armour
 t - a +2 robe
 y - a +0 cloak (worn)
 J - a +0 swamp dragon armour (worn)
Jewellery
 a - a +2 ring of protection (left hand)
 o - a +3 ring of intelligence (right hand)
 G - an uncursed ring of ice
 H - an uncursed ring of stealth
 I - an uncursed ring of protection from magic
Magical devices
 m - a wand of cold (2)
Scrolls
 b - 3 scrolls of recharging
 i - 6 scrolls of blinking
 l - 4 scrolls of remove curse
 r - 2 scrolls of fog
 s - 2 scrolls of enchant weapon
 L - a scroll of fear
Potions
 c - a potion of might
 d - 5 potions of curing
 e - 11 potions of heal wounds
 g - 4 potions of magic
 h - a potion of berserk rage
 k - a potion of invisibility
 n - a potion of brilliance
 p - 2 potions of cure mutation
 v - a potion of lignification
 K - 2 potions of agility
Comestibles
 w - 32 fruits
 x - 12 bread rations
 z - 12 meat rations


   Skills:
 - Level 17.0 Fighting
 + Level 23.6 Maces & Flails
 + Level 10.6 Throwing
 + Level 4.3 Armour
 - Level 13.2 Dodging


You had 11 spell levels left.
You didn't know any spells.

Dungeon Overview and Level Annotations

Branches:
Dungeon (1/1)

Altars:
Cheibriados
Dithmenos
Elyvilon
Fedhas
Gozag
Kikubaaqudgha
Makhleb
Nemelex Xobeh
Okawaru
Qazlal
Ru
Sif Muna
Trog
Vehumet
Xom
Yredelemnul
Zin
The Shining One
Beogh
Jiyva
Lugonu

Shops:
D =!*=


Innate Abilities, Weirdness & Mutations

You are too large for most types of armour.
You have tough skin (AC +1).


Message History

The ice dragon tramples you but does no damage.
Things that are here:
6 large rocks; a cyclops corpse Use which ability?
Your deep troll goes berserk!
You feel somewhat more hungry.
You feel sick.
You are no longer poisoned.
The ice dragon bites you!
* * * LOW HITPOINT WARNING * * *
The ice dragon closely misses you. x2
The ice dragon breathes frost at you. The blast of cold misses you.
The blast of cold hits your deep troll.
You hear a horrible gurgling sound!
Items here: (( ))) †† You swap places.
Your deep troll closely misses the ice dragon.
Your deep troll claws the ice dragon. x2
The ice dragon breathes frost at you. The blast of cold hits your deep troll.
The blast of cold hits you!
You die...

▓.▓.▓.▓.▓.▓.▓_▓
▓.▓.▓.▓.▓.▓.▓_▓
▓.▓.▓)▓.▓.▓.▓_▓
▓.▓.▓)▓.▓.▓.▓_▓
▓.▓.▓(▓.▓.▓.▓_▓
▓.▓.▓(▓.▓.▓.▓'▓
▓.▓.▓)▓.▓.▓.▓.▓
▓.▓.▓(▓.▓'▓.▓?▓
▓@▓.▓)▓.▓.▓.▓|▓
▓T▓.▓)▓.▓.▓.▓)▓
▓D▓.▓.▓.▓†▓.▓[▓
▓.▓.▓)▓.▓.▓.▓[▓
▓.▓.▓∩▓.▓.▓.▓[▓
▓.▓.▓)▓.▓.▓.▓.▓
▓.▓.▓∩▓.▓.▓.▓.▓
▓.▓.▓.▓)▓.▓.▓)▓
▓.▓.▓∩▓.▓.▓.▓.▓


You could see an ice dragon and a friendly deep troll (berserk).

Vanquished Creatures
  A fire dragon (D)
  A centaur warrior (D)
  Urug (D)
  Sonja (D)
  An unseen horror (D)
  3 orc knights (D)
  3 lindwurms (D)
  2 hill giants (D)
  An ugly thing (D)
  A cyclops (D)
  3 spiny frogs (D)
  A yaktaur (D)
  A slime creature (D)
  A troll (D)
  A blink frog (D)
  A yak (D)
  4 wolves (D)
  A basilisk (D)
  Grum (D)
  2 soldier ants (D)
  8 orc warriors (D)
  5 water moccasins (D)
  An ice beast (D)
  A phantom (D)
  2 porcupines (D)
  A centaur (D)
  3 brain worms (D)
  A giant frog (D)
  A crimson imp (D)
  A quasit (D)
  4 orc priests (D)
  3 orc wizards (D)
  2 worker ants (D)
  2 sheep (D)
  An adder zombie (D)
  2 worms (D)
  A giant gecko (D)
  7 orcs (D)
  A giant cockroach (D)
  A hobgoblin (D)
  A jackal (D)
  2 giant newts (D)
  A quokka zombie (D)
  A rat (D)
84 creatures vanquished.

Vanquished Creatures (collateral kills)
  A hydra (D)
  3 orc knights (D)
  An orc sorcerer (D)
  10 orc warriors (D)
  An orc wizard (D)
16 creatures vanquished.

Grand Total: 100 creatures vanquished

Notes
Turn   | Place    | Note
--------------------------------------------------------------
     0 | D        | Kusio the Ogre Berserker began the quest for the Orb.
     0 | D        | Reached XP level 1. HP: 24/24 MP: 1/1
     9 | D        | Reached skill level 5 in Maces & Flails
    10 | D        | Acquired Trog's second power
    97 | D        | Noticed a crimson imp
    97 | D        | Noticed a worker ant
    97 | D        | Noticed a worker ant
    99 | D        | Killed a crimson imp
    99 | D        | Reached skill level 9 in Maces & Flails
    99 | D        | Reached XP level 2. HP: 32/32 MP: 2/2
    99 | D        | Reached XP level 3. HP: 39/39 MP: 3/3
   103 | D        | Killed a worker ant
   103 | D        | Reached skill level 10 in Maces & Flails
   103 | D        | Reached XP level 4. HP: 48/48 MP: 4/4
   107 | D        | Killed a worker ant
   107 | D        | Reached skill level 11 in Maces & Flails
   123 | D        | Found a glowing silver altar of Zin.
   123 | D        | Found a glowing golden altar of the Shining One.
   123 | D        | Found an ancient bone altar of Kikubaaqudgha.
   123 | D        | Found a basalt altar of Yredelemnul.
   123 | D        | Found a shimmering altar of Xom.
   123 | D        | Found a radiant altar of Vehumet.
   124 | D        | Found an iron altar of Okawaru.
   125 | D        | Found a burning altar of Makhleb.
   126 | D        | Found a deep blue altar of Sif Muna.
   127 | D        | Found a bloodstained altar of Trog.
   128 | D        | Found a sparkling altar of Nemelex Xobeh.
   129 | D        | Found a white marble altar of Elyvilon.
   130 | D        | Found a roughly hewn altar of Beogh.
   131 | D        | Found a viscous altar of Jiyva.
   132 | D        | Found a corrupted altar of Lugonu.
   133 | D        | Found a blossoming altar of Fedhas.
   134 | D        | Found a snail-covered altar of Cheibriados.
   135 | D        | Found a shadowy altar of Dithmenos.
   136 | D        | Found a stormy altar of Qazlal.
   137 | D        | Found an opulent altar of Gozag.
   138 | D        | Found a sacrificial altar of Ru.
   167 | D        | Noticed a soldier ant
   167 | D        | Noticed a quasit
   167 | D        | Noticed a hill giant
   172 | D        | Acquired Trog's third power
   179 | D        | Killed a soldier ant
   179 | D        | Reached skill level 14 in Maces & Flails
   179 | D        | Reached XP level 5. HP: 54/54 MP: 5/5
   186 | D        | Killed a hill giant
   186 | D        | Reached skill level 18 in Maces & Flails
   186 | D        | Reached XP level 6. HP: 35/62 MP: 6/6
   186 | D        | Reached XP level 7. HP: 39/70 MP: 7/7
   193 | D        | Killed a quasit
   193 | D        | Reached skill level 19 in Maces & Flails
   437 | D        | Noticed a phantom
   437 | D        | Noticed a centaur
   437 | D        | Noticed a hill giant
   437 | D        | Noticed a white ugly thing
   437 | D        | Noticed a soldier ant
   437 | D        | Noticed a troll
   447 | D        | Killed a hill giant
   447 | D        | Received a gift from Trog
   447 | D        | Reached skill level 20 in Maces & Flails
   447 | D        | Reached XP level 8. HP: 78/78 MP: 8/8
   457 | D        | Killed a white ugly thing
   457 | D        | Reached skill level 21 in Maces & Flails
   459 | D        | Killed a centaur
   460 | D        | Killed a soldier ant
   460 | D        | Received a gift from Trog
   460 | D        | Reached XP level 9. HP: 97/97 MP: 9/9
   464 | D        | Killed a troll
   465 | D        | Killed a phantom
   465 | D        | Reached skill level 22 in Maces & Flails
   467 | D        | Got a twisted giant club {god gift}
   492 | D        | Identified the +7 giant club of Orydov {holy, Dex+2} (Trog gifted it to you in the Dungeon)
   692 | D        | Noticed a seven-headed hydra
   692 | D        | Noticed a water moccasin
   692 | D        | Noticed a water moccasin
   692 | D        | Noticed a spiny frog
   692 | D        | Noticed a spiny frog
  1072 | D        | Killed a seven-headed hydra
  1078 | D        | Killed a water moccasin
  1078 | D        | Reached skill level 5 in Dodging
  1090 | D        | Noticed a water moccasin
  1091 | D        | Noticed a water moccasin
  1091 | D        | Killed a water moccasin
  1097 | D        | Killed a spiny frog
  1098 | D        | Killed a spiny frog
  1101 | D        | Killed a water moccasin
  1102 | D        | Killed a water moccasin
  1102 | D        | Reached XP level 10. HP: 71/119 MP: 10/10
  1105 | D        | Noticed a giant frog
  1109 | D        | Killed a giant frog
  1109 | D        | Received a gift from Trog
  1327 | D        | Noticed a porcupine
  1327 | D        | Noticed a blink frog
  1327 | D        | Noticed a porcupine
  1327 | D        | Noticed a wolf
  1327 | D        | Noticed a basilisk
  1328 | D        | Noticed a yak
  1329 | D        | Killed a porcupine
  1331 | D        | Killed a blink frog
  1335 | D        | Noticed a spiny frog
  1335 | D        | Killed a porcupine
  1340 | D        | Killed a wolf
  1344 | D        | Killed a basilisk
  1345 | D        | Killed a yak
  1345 | D        | Received a gift from Trog
  1347 | D        | Killed a spiny frog
  1348 | D        | Noticed a water moccasin
  1356 | D        | Killed a water moccasin
  1356 | D        | Reached skill level 15 in Fighting
  1693 | D        | Noticed a brain worm
  1693 | D        | Noticed a brain worm
  1693 | D        | Noticed a lindwurm
  1693 | D        | Noticed a lindwurm
  1693 | D        | Noticed a lindwurm
  1696 | D        | Killed a brain worm
  1699 | D        | Killed a brain worm
  1702 | D        | Noticed a brain worm
  1703 | D        | Killed a lindwurm
  1708 | D        | Killed a lindwurm
  1708 | D        | Reached skill level 10 in Dodging
  1711 | D        | Killed a lindwurm
  1752 | D        | Killed a brain worm
  1838 | D        | Noticed Sonja
  1847 | D        | Killed Sonja
  1847 | D        | Received a gift from Trog
  1847 | D        | Reached XP level 11. HP: 89/139 MP: 11/11
  2069 | D        | Noticed a wolf
  2070 | D        | Noticed Grum
  2071 | D        | Noticed a wolf
  2072 | D        | Noticed a wolf
  2075 | D        | Noticed Urug
  2075 | D        | Killed a wolf
  2075 | D        | Reached skill level 1 in Throwing
  2080 | D        | Killed Grum
  2085 | D        | Killed a wolf
  2087 | D        | Killed a wolf
  2094 | D        | Killed Urug
  2094 | D        | Reached skill level 5 in Throwing
  2471 | D        | Noticed an orc wizard
  2471 | D        | Noticed an orc priest
  2471 | D        | Noticed an orc priest
  2476 | D        | Noticed an orc wizard
  2480 | D        | Killed an orc wizard
  2480 | D        | Received a gift from Trog
  2481 | D        | Noticed an orc warrior
  2485 | D        | Killed an orc priest
  2486 | D        | Noticed an orc priest
  2487 | D        | Killed an orc priest
  2490 | D        | Killed an orc wizard
  2491 | D        | Noticed an orc wizard
  2495 | D        | Killed an orc warrior
  2496 | D        | Noticed an orc priest
  2497 | D        | Received a gift from Trog
  2500 | D        | Killed an orc priest
  2501 | D        | Killed an orc wizard
  2505 | D        | Killed an orc priest
  2532 | D        | Noticed an orc warrior
  2532 | D        | Noticed an orc warrior
  2532 | D        | Noticed an orc warrior
  2532 | D        | Noticed an orc warrior
  2532 | D        | Noticed an orc sorcerer
  2532 | D        | Noticed an orc wizard
  2534 | D        | Killed an orc warrior
  2535 | D        | Noticed an ice devil
  2535 | D        | Killed an orc warrior
  2536 | D        | Noticed an orc warrior
  2536 | D        | Killed an orc warrior
  2536 | D        | Received a gift from Trog
  2536 | D        | Killed an orc warrior
  2540 | D        | Noticed an orc warrior
  2544 | D        | Killed an ice devil
  2546 | D        | Killed an orc sorcerer
  2546 | D        | Received a gift from Trog
  2547 | D        | Killed an orc warrior
  2550 | D        | Noticed an orc knight
  2550 | D        | Killed an orc warrior
  2551 | D        | Killed an orc knight
  2554 | D        | Noticed an orc warrior
  2555 | D        | Killed an orc warrior
  2555 | D        | Received a gift from Trog
  2557 | D        | Killed an orc wizard
  2557 | D        | Received a gift from Trog
  2559 | D        | Noticed an orc warrior
  2561 | D        | Killed an orc warrior
  2562 | D        | Noticed an orc warrior
  2563 | D        | Killed an orc warrior
  2955 | D        | Found Mevyc's Jewellery Emporium.
  2955 | D        | Noticed an orc knight
  2955 | D        | Noticed an orc warrior
  2955 | D        | Noticed an orc warrior
  2955 | D        | Noticed an orc warrior
  2955 | D        | Noticed an orc warrior
  2957 | D        | Killed an orc knight
  2958 | D        | Noticed an orc knight
  2961 | D        | Killed an orc warrior
  2962 | D        | Killed an orc warrior
  2968 | D        | Killed an orc warrior
  2968 | D        | Received a gift from Trog
  2973 | D        | Killed an orc knight
  2973 | D        | Received a gift from Trog
  2974 | D        | Killed an orc warrior
  2978 | D        | Noticed an orc knight
  2980 | D        | Found Nassotes's Distillery.
  2982 | D        | Found Raic's Assorted Antiques.
  2983 | D        | Noticed an orc knight
  2988 | D        | Noticed an orc knight
  2988 | D        | Killed an orc knight
  2989 | D        | Found Maskoh's Jewellery Shoppe.
  2989 | D        | Noticed an orc warrior
  2990 | D        | Noticed an orc warrior
  2993 | D        | Noticed an orc warrior
  2993 | D        | Killed an orc knight
  2999 | D        | Noticed an orc warrior
  3003 | D        | Killed an orc knight
  3003 | D        | Killed an orc warrior
  3008 | D        | Killed an orc warrior
  3012 | D        | Killed an orc warrior
  3017 | D        | Killed an orc warrior
  3345 | D        | Bought a potion of might for 56 gold pieces
  3514 | D        | Noticed a centaur warrior
  3514 | D        | Noticed a yaktaur
  3514 | D        | Noticed an ice beast
  3514 | D        | Noticed a fire dragon
  3515 | D        | Noticed a slime creature
  3519 | D        | Killed a centaur warrior
  3519 | D        | Received a gift from Trog
  3519 | D        | Reached skill level 23 in Maces & Flails
  3519 | D        | Reached skill level 1 in Armour
  3524 | D        | Killed a yaktaur
  3527 | D        | Killed an unseen horror
  3532 | D        | Noticed a cyclops
  3536 | D        | Noticed an ice dragon
  3536 | D        | Killed a fire dragon
  3536 | D        | Reached skill level 10 in Throwing
  3536 | D        | Reached XP level 12. HP: 45/148 MP: 4/12
  3539 | D        | Killed a slime creature
  3544 | D        | Killed an ice beast
  3547 | D        | Killed a cyclops
  3547 | D        | Received a gift from Trog
  3551 | D        | Killed from afar by an ice dragon

Vault maps used:
D:        linesprint

Action                   |  1- 3 |  4- 6 |  7- 9 | 10-12 || total
-------------------------+-------+-------+-------+-------++-------
Melee: Mace              |    15 |     7 |       |       ||    22
       Morningstar       |       |    17 |     8 |       ||    25
       Giant club        |       |       |    41 |    92 ||   133
       Giant spiked club |       |       |       |    43 ||    43
Throw: Javelin           |       |       |       |     4 ||     4
       Tomahawk          |       |       |       |     3 ||     3
Invok: Berserk           |     1 |     1 |     1 |     3 ||     6
       Brothers in Arms  |       |       |     3 |     8 ||    11
Evoke: Wand              |       |       |       |     5 ||     5
  Use: Potion            |       |       |     1 |       ||     1
  Eat: Chunk             |       |       |     2 |     2 ||     4
       Bread ration      |       |       |     1 |       ||     1
       Fruit             |       |       |       |     8 ||     8
